 Dungeon Crawl Stone Soup version 0.13-a0-2477-geaae114 (webtiles) character file.

183 Rycklaryybbe the Sneak (level 4, 0/36 HPs)
             Began as a Vampire Fighter on July 19, 2013.
             Succumbed to a kobold's poison
             ... on Level 2 of the Dungeon.
             The game lasted 00:06:45 (1832 turns).

Rycklaryybbe the Sneak (Vampire Fighter)            Turns: 1832, Time: 00:06:46

HP   0/36        AC  8     Str 15      XL: 4   Next: 52%
MP   4/4         EV  5     Int 10      God:
Gold 79          SH 17     Dex 14      Spells:  0 memorised,  3 levels left

Res.Fire  : . . .   See Invis. : +   a - +0 short sword
Res.Cold  : . . .   Warding    : .   s - +0 scale mail (curse)
Life Prot.: . . .   Conserve   : .   c - +0 shield
Res.Poison: .       Res.Corr.  : .   (no helmet)
Res.Elec. : .       Clarity    : .   e - +0 cloak
Sust.Abil.: . .     Spirit.Shd : .   i - +0 pair of gloves
Res.Mut.  : .       Stasis     : .   (no boots)
Res.Rott. : .       Flight     : .   (no amulet)
Saprovore : . . .                    (no ring)
                                     (no ring)

@: regenerating quickly, mildly poisoned, slightly resistant to hostile
enchantments, fairly stealthy
A: fangs 3, see invisible, unbreathing
a: no special abilities


You were on level 2 of the Dungeon.
You were full.

You visited 1 branch of the dungeon, and saw 3 of its levels.

You collected 59 gold pieces.

Inventory:

Hand weapons
 a - a +0,+0 short sword (weapon)
 u - a +0,+0 quarterstaff
Missiles
 n - 13 poisoned needles
Armour
 b - a +0 scale mail
 c - a +0 shield (worn)
 e - a +0 cloak (worn)
 i - a +0 pair of gloves (worn)
 m - a +0 ring mail
 s - a cursed +0 scale mail (worn)
Scrolls
 f - 2 scrolls of remove curse {unknown}
 h - 5 scrolls of identify {unknown}
 j - a scroll of enchant weapon I {unknown}
 k - a scroll of fear {unknown}
 l - a scroll of curse weapon {unknown}
 o - a scroll of fog {unknown}
 q - a scroll of blinking {unknown}
 r - a scroll of teleportation {unknown}
 t - a scroll of curse jewellery {unknown}
 v - 3 scrolls of enchant weapon II {unknown}
Jewellery
 g - an uncursed ring of ice {unknown}
 p - a cursed ring of teleportation {unknown}
Potions
 d - a potion of blood


   Skills:
 - Level 2.6 Fighting
 - Level 2.1 Short Blades
 - Level 2.4 Armour
 + Level 6.8 Stealth
 - Level 2.6 Shields


You had 3 spell levels left.
You didn't know any spells.

Dungeon Overview and Level Annotations

Branches:
Dungeon (3/27)

Altars:
Cheibriados
Makhleb


Innate Abilities, Weirdness & Mutations

Your natural rate of healing is unusually fast.
You have razor-sharp teeth.*
You have supernaturally acute eyesight.
You can survive without breathing.*


Message History

The gnoll is almost dead.
* * * LOW HITPOINT WARNING * * *
You feel sick.
You hit the gnoll but do no damage.
The gnoll is almost dead.
* * * LOW HITPOINT WARNING * * *
You feel sick. The gnoll hits you but does no damage.
You closely miss the gnoll.
The gnoll is almost dead.
The gnoll hits you but does no damage.
You hit the gnoll.
You kill the gnoll!
* * * LOW HITPOINT WARNING * * *
You feel sick.
q - a scroll labeled CHYXITOGUOCI
There is an open door here.
Things that are here:
a flail; a kobold corpse; an orcish club You aren't carrying any corpses which you can drain.
You die...

#.# #......... #.# #########.
#######'### #.
#######.........######### #.
#...............#.......# #.
#...............#.#####.#####.
#......######>............)...
#......######)###.#<....(.%##.
#......#.....@....####.....##.
#......#..........'..+.....'..
#......#..........####.....#..
#......######'##### #.....#..
#......# #)# #.....#..
#......######'#### #.....##'
#................# #.....##.
#................# #.....###
######...........# #....####


There were no monsters in sight!

Vanquished Creatures
  2 gnolls (D:2)
  4 adders
  A worm (D:2)
  2 giant geckos
  4 goblins (D:1)
  4 hobgoblins (D:2)
  6 jackals (D:1)
  9 kobolds
  3 bats
  A giant cockroach (D:1)
  A giant newt (D:1)
  7 rats
44 creatures vanquished.

Notes
Turn   | Place    | Note
--------------------------------------------------------------
     0 | D:1      | Rycklaryybbe, the Vampire Fighter, began the quest for the Orb.
     0 | D:1      | Reached XP level 1. HP: 18/18 MP: 1/1
    92 | D:1      | Reached skill level 1 in Stealth
   250 | D:1      | Reached XP level 2. HP: 21/24 MP: 2/2
   254 | D:1      | Reached skill level 3 in Stealth
   459 | D:1      | Reached skill level 4 in Stealth
   680 | D:2      | Reached XP level 3. HP: 22/29 MP: 3/3
   722 | D:2      | Found a burning altar of Makhleb.
   910 | D:2      | Reached skill level 5 in Stealth
  1301 | D:2      | Reached XP level 4. HP: 28/36 MP: 4/4
  1458 | D:3      | Reached skill level 6 in Stealth
  1498 | D:3      | Found a snail-covered altar of Cheibriados.
  1827 | D:2      | HP: 1/36 [poisoned by a kobold]
  1832 | D:2      | Succumbed to a kobold's poison

Action                   |  1- 3 |  4- 6 || total
-------------------------+-------+-------++-------
Melee: Short sword       |   131 |    68 ||   199
  Use: Potion            |     4 |     1 ||     5
 Stab: Sleeping          |     5 |       ||     5
